 Dungeon Crawl Stone Soup version 0.31-a0-1202-ga8fea8b373 (webtiles) character file.

Game seed: 11380719804327304725

752 Malachi the Ruffian (level 7, -1/71 HPs)
             Began as a Troll Cinder Acolyte on Dec 12, 2023.
             Was a High Priest of Ignis.
             Slain by Prince Ribbit (9 damage)
             ... on level 5 of the Dungeon.
             The game lasted 00:04:00 (2625 turns).

Malachi the Ruffian (Troll Cinder Acolyte)          Turns: 2625, Time: 00:04:02

Health: -1/71      AC: 16    Str: 25    XL:     7   Next: 49%
Magic:  7/7        EV:  9    Int: 14    God:    Ignis [*****.]
Gold:   144        SH:  5    Dex:  5    Spells: 8/8 levels left

rFire   + .          .
                       - Unarmed
rCold   . . .        (no shield)
rNeg    + . .        a - +0 robe
rPois   .            (helmet restricted)
rElec   .            m - +0 cloak
rCorr   .            (gloves unavailable)
SInv    .            (boots unavailable)
Will    .....        n - amulet of the Merwolf {Reflect rN+ Int+4 SH+5}
Stlth   +            r - +4 ring of protection
HPRegen 1.11/turn    (no ring)
MPRegen 0.10/turn

%: reflection
@: fiery-armoured
A: large, unfitting armour, claws 3, regeneration 1, shaggy fur 1, tough skin 1
a: Renounce Religion, Fiery Armour, Foxfire Swarm, Rising Flame


You were on level 5 of the Dungeon.
You worshipped Ignis.
Ignis was extremely pleased with you.
You visited 1 branch of the dungeon, and saw 5 of its levels.

You collected 144 gold pieces.

Inventory:

Armour
 a - a +0 robe (worn)
 m - a +0 cloak (worn)
Jewellery
 n - the amulet of the Merwolf (around neck) {Reflect rN+ Int+4 SH+5}
   (You found it on level 3 of the Dungeon)

   [amulet of reflection]

   Reflect:   It reflects blocked missile attacks.
   Int+4:     It affects your intelligence (+4).
   rN+:       It protects you from negative energy.
   SH+5:      It affects your SH (+5).
 r - a +4 ring of protection (left claw)
 s - an amulet of guardian spirit
Talismans
 c - a maw talisman
Wands
 t - a wand of charming (5)
Scrolls
 b - a scroll of immolation {unknown}
 d - 2 scrolls of teleportation {unknown}
 e - 2 scrolls of revelation {unknown}
 h - 5 scrolls of identify {unknown}
 i - a scroll of fog {unknown}
 j - 2 scrolls of vulnerability {unknown}
 l - a scroll of torment {unknown}
Potions
 f - 2 potions of curing
 g - 2 potions of invisibility {unknown}
 k - a potion of lignification {unknown}
 o - a potion of attraction {unknown}
 p - a potion of mutation {unknown}
 q - a potion of haste


   Skills:
 + Level 4.7 Fighting
 + Level 5.6 Unarmed Combat
 - Level 1.0 Spellcasting
 - Level 2.1 Fire Magic
 + Level 4.1 Shapeshifting


You had 8 spell levels left.
You didn't know any spells.
Your spell library contained the following spells:

 Spells                   Type           Power      Damage    Failure   Level
 Scorch                   Fire           12%        2d5       16%         2
 Sublimation of Blood     Necr           0%         N/A       36%         2
 Petrify                  Tmut/Erth      0%         N/A       95%         4
 Irradiate                Conj/Tmut      0%         3d11      100%        5
 Chain Lightning          Conj/Air       0%         N/A       100%        9
 Fire Storm               Conj/Fire      1%         8d1       100%        9
 Shatter                  Erth           0%         3d5*      100%        9


Dungeon Overview and Level Annotations

Branches:
Dungeon (5/15)
 Temple: D:4-7

Altars:
Elyvilon
Fedhas
Gozag
Hepliaklqana
Okawaru
Ru
Uskayaw
Yredelemnul

Annotations:
D:5 Prince Ribbit


Innate Abilities, Weirdness & Mutations

You are too large for most types of armour.
You have claws for hands.
Your natural rate of healing is unusually fast.
You are covered in fur. (AC +1)
You have tough skin. (AC +1)


Message History

You closely miss the scorpion.
The scorpion is heavily wounded.
You feel sick. The scorpion stings you.
An orc comes into view. It is wielding a +0 dagger.
The orc barely misses you. x2; Prince Ribbit blinks!
You are too injured to fight recklessly!
You are too injured to fight recklessly!
You are too injured to fight recklessly!
You are too injured to fight recklessly!
Unknown command.
A protective cloak of flame settles atop you.
You feel sick. The scorpion barely misses you. The orc closely misses you.
The orc barely misses you.
Prince Ribbit hits you but does no damage.
Prince Ribbit is burned by your cloak of flames.
Prince Ribbit is lightly wounded.
The scorpion barely misses you.
You feel sick. Prince Ribbit hits you!
Prince Ribbit is burned by your cloak of flames.
Prince Ribbit is moderately wounded.
The orc hits you but does no damage. The orc attacks as it pursues you!
The orc hits you but does no damage.
The orc is burned by your cloak of flames.
The orc is heavily wounded.
Prince Ribbit hits you!
* * * LOW HITPOINT WARNING * * *
Prince Ribbit is burned by your cloak of flames.
Prince Ribbit is moderately wounded.
You feel sick.
You are no longer poisoned.
Prince Ribbit attacks as he pursues you!
Prince Ribbit closely misses you.
You claw Prince Ribbit!
Prince Ribbit is heavily wounded.
Prince Ribbit hits you!
* * * LOW HITPOINT WARNING * * *
Prince Ribbit is burned by your cloak of flames.
Prince Ribbit is severely wounded.
You block the orc's attack. Prince Ribbit hits you!
You die...

.......# #..>##
#<.## ##..# .#
##.######. #
....###.#......
... #.......#
#..#
#.###.######...#
#..)#F@..#
###)so##.# #.o##
# #.o#
......>$$$#
#.###..$o$#
....$$$#
.###..... #.
#......


You could see Prince Ribbit, a scorpion and 3 orcs.

Vanquished Creatures
  2 ogres (D:4)
  A centaur (D:5)
  3 scorpions (D:4)
  An orc priest (D:5)
  Crazy Yiuf (D:2)
  Jessica (D:3)
  Terence (D:3)
  An orc wizard (D:3)
  4 adders
  4 gnolls (D:2)
  An adder skeleton (D:3)
  4 worms
  3 dart slugs
  12 orcs
  5 bats
  9 endoplasms
  4 giant cockroaches
  6 goblins
  11 hobgoblins
  3 jackals (D:2)
  6 kobolds
  A quokka (D:1)
  11 ball pythons
  A ball python skeleton (D:3)
  A frilled lizard (D:1)
  7 rats
104 creatures vanquished.

Notes
Turn   | Place    | Note
-------+----------+-------------------------------------------
     0 | D:1      | Malachi the Troll Cinder Acolyte began the quest for the
                  | Orb.
     0 | D:1      | Reached XP level 1. HP: 22/22 MP: 1/1
   138 | D:1      | Reached XP level 2. HP: 29/29 MP: 2/2
   400 | D:2      | Reached skill level 1 in Shapeshifting
   463 | D:2      | Found a runed translucent door.
   464 | D:2      | Noticed Crazy Yiuf
   497 | D:2      | Reached XP level 3. HP: 25/36 MP: 3/3
   594 | D:2      | Reached XP level 4. HP: 5/45 MP: 4/4
   594 | D:2      | HP: 2/45 [gnoll/+0 spear of venom (1)]
   990 | D:2      | Found a white marble altar of Elyvilon.
  1146 | D:2      | Killed Crazy Yiuf
  1147 | D:2      | Reached skill level 4 in Unarmed Combat
  1215 | D:3      | Identified the amulet of the Merwolf {Reflect rN+ Int+4
                  | SH+5}
  1226 | D:3      | Reached XP level 5. HP: 49/53 MP: 5/5
  1306 | D:3      | Found a hazy altar of Hepliaklqana.
  1355 | D:3      | Found a sacrificial altar of Ru.
  1386 | D:3      | Noticed Jessica
  1395 | D:3      | Killed Jessica
  1503 | D:3      | Noticed Terence
  1514 | D:3      | Killed Terence
  1639 | D:3      | Found a basalt altar of Yredelemnul.
  1673 | D:3      | Found an iron altar of Okawaru.
  2001 | D:4      | Found a blossoming altar of Fedhas.
  2048 | D:4      | Reached XP level 6. HP: 54/62 MP: 6/6
  2160 | D:4      | Reached skill level 5 in Unarmed Combat
  2366 | D:4      | Reached XP level 7. HP: 59/71 MP: 7/7
  2549 | D:4      | Found a hide-covered altar of Uskayaw.
  2587 | D:5      | Entered Level 5 of the Dungeon
  2595 | D:5      | Found an opulent altar of Gozag.
  2607 | D:5      | Noticed Prince Ribbit
  2625 | D:5      | Slain by Prince Ribbit

Illustrated notes

Levels and vault maps discovered:
D:1:      lemuel_arrival_room, layout_rooms, hex_medium, glass_columns_a
D:2:      layout_loops_ring, basic_altar, uniq_crazy_yiuf_cottage
D:3:      layout_loops_ring, hellmonk_okawaru_the_only_friend_you_need,
          lemuel_tele_altar, nicolae_ru_great_annihilating_truth,
          lemuel_coloured_pillars_altar, serial_undead, serial_undead_b,
          serial_undead_c, serial_undead_f, serial_undead_b,
          grunt_ministairs_13, uniq_terence, uniq_jessica
D:4:      nicolae_cairo_tiling, layout_cave_pools, nicolae_uskayaw_suspiria,
          mainiacjoe_overflow_alcove_2
D:5:      layout_rooms, nicolae_gozag_seed_capital, nicolae_custom_books,
          minmay_diced_spiral, uniq_prince_ribbit1

Skill      XL: |  1  2  3  4  5  6  7 |
---------------+----------------------+-----
Shapeshifting  | 1 2 3 4 |  4.1
Fighting       | 3 4 |  4.7
Unarmed Combat | 4 5 |  5.6
Spellcasting   | |  1.0
Fire Magic     | |  2.1

Action                     |  1- 3 |  4- 6 |  7- 9 || total
---------------------------+-------+-------+-------++-------
  Melee: Unarmed           |    63 |   169 |    30 ||   262
         Punch             |     2 |     4 |       ||     6
 Invoke: Fiery Armour      |     1 |     1 |     1 ||     3
    Use: Potion            |     1 |     2 |       ||     3
   Stab: Paralysed         |       |     2 |       ||     2
 Armour: Robe              |    36 |    98 |    39 ||   173
  Dodge: Dodged            |    29 |    59 |    24 ||   112
  Block: Other             |       |    15 |    11 ||    26

Table legend: (Time is in decaauts)
 A = Elapsed time spent in this place.
 B = Non-inter-level travel time spent in this place.
 C = Inter-level travel time spent in this place.
 D = Time resting spent in this place.
 E = Time spent auto-exploring this place.
 F = Levels seen in this place.
 G = Mean time per level.
                   A        B        C        D        E       F      G
               +--------+--------+--------+--------+--------+-----+--------+
         Total |   2593 |   2459 |    134 |      6 |   1883 |   5 |  518.6 |
       Dungeon |   2593 |   2459 |    134 |      6 |   1883 |   5 |  518.6 |
               +--------+--------+--------+--------+--------+-----+--------+

Top non-repeatable levels by time:
     D:2: 793 daAuts
     D:3: 776 daAuts
     D:4: 601 daAuts
     D:1: 386 daAuts
     D:5: 35 daAuts
